 Dungeon Crawl Stone Soup version 0.28.0-1-gb440e238dd (webtiles) character file.

Game seed: 17911950637112399962

221 issech the Cudgeller (level 5, -1/53 HPs)
             Began as a Troll Monk on Feb 25, 2022.
             Slain by a scorpion (3 damage)
             ... on level 3 of the Dungeon.
             The game lasted 00:06:45 (1813 turns).

issech the Cudgeller (Troll Monk)                   Turns: 1813, Time: 00:06:45

Health: -1/53      AC:  4    Str: 19    XL:     5   Next: 65%
Magic:  0/4        EV: 11    Int:  6    God:
Gold:   80         SH:  0    Dex: 14    Spells: 4/4 levels left

rFire   . . .      SeeInvis .   a - +0 mace
rCold   . . .      Faith    .   (no shield)
rNeg    . . .      Spirit   +   b - +0 robe
rPois   .          Reflect  .   (helmet restricted)
rElec   .          Harm     .   (no cloak)
rCorr   .          Rampage  .   (gloves unavailable)
Will    +....                   (boots unavailable)
Stlth   ++........              j - amulet of guardian spirit
HPRegen 0.97/turn               i - ring of willpower
MPRegen 0.09/turn               (no ring)

@: lethally poisoned (-1 -> -5)
A: large, unfitting armour, claws 3, regeneration 1, shaggy fur 1, tough skin 1
a: no special abilities


You were on level 3 of the Dungeon.
You visited 1 branch of the dungeon, and saw 3 of its levels.

You collected 80 gold pieces.

Inventory:

Hand Weapons
 a - a +0 mace (weapon)
 k - a +0 vampiric spear
Missiles
 c - 110 stones (quivered)
 d - 42 arrows
Armour
 b - a +0 robe (worn)
Jewellery
 i - a ring of willpower (left claw)
 j - an amulet of guardian spirit (around neck)
Scrolls
 h - 2 scrolls of identify {unknown}
 l - 2 scrolls of magic mapping {unknown}
 m - a scroll of vulnerability {unknown}
 n - a scroll of brand weapon {unknown}
 q - a scroll of blinking {unknown}
Potions
 e - a potion of lignification {unknown}
 f - a potion of brilliance {unknown}
 g - a potion of haste {unknown}
 o - 2 potions of resistance {unknown}
 p - a potion of curing {unknown}


   Skills:
 + Level 3.1 Fighting
 + Level 4.4 Maces & Flails
 + Level 3.4 Dodging
 + Level 1.3 Stealth


You had 4 spell levels left.
You didn't know any spells.
Your spell library contained the following spells:

 Spells                   Type           Power      Damage    Failure   Level
 Slow                     Hex            0%         N/A       45%         1
 Confusing Touch          Hex            0%         N/A       83%         3
 Frozen Ramparts          Ice            0%         1d2       83%         3
 Vampiric Draining        Necr           0%         2d6       83%         3
 Ice Form                 Ice/Tmut       0%         N/A       99%         4
 Summon Ice Beast         Ice/Summ       0%         N/A       99%         4


Dungeon Overview and Level Annotations

Branches:
Dungeon (3/15)

Altars:
Uskayaw


Innate Abilities, Weirdness & Mutations

You are too large for most types of armour.
You have claws for hands.
Your natural rate of healing is unusually fast.
You are covered in fur. (AC +1)
You have tough skin. (AC +1)


Message History

You are more poisoned.
The scorpion poisons you! The scorpion stings you.
You are more poisoned.
The scorpion poisons you!
You feel very sick.
A rat comes into view.
You feel very sick.
You feel very sick. The rat closely misses you.
You hit the rat but do no damage.
You feel very sick. The scorpion stings you.
You are more poisoned.
The scorpion poisons you! The rat bites you but does no damage.
The scorpion closely misses you.
You barely miss the rat.
You feel very sick. The rat bites you. The scorpion closely misses you.
You hit the rat.
The rat is heavily wounded.
You feel very sick. The scorpion stings you.
* * * LOW HITPOINT WARNING * * *
The rat bites you but does no damage. The scorpion closely misses you.
The rat barely misses you.
You hit the rat but do no damage.
The rat is heavily wounded.
You feel sick. The scorpion stings you.
* * * LOW HITPOINT WARNING * * *
You are lethally poisoned!
The scorpion poisons you! The rat bites you but does no damage.
You hit the rat.
You kill the rat!
* * * LOW HITPOINT WARNING * * *
You feel very sick. The scorpion closely misses you.
* * * LOW HITPOINT WARNING * * *
You feel very sick. The scorpion stings you.
You die...

##....## ##.....#
......# ...#.## ##.#.#
### ##.#.# .. #
##.#.####.## #. .+
............>##.######.+
...#.####.##....@s.....+
#......# ####.##.....#
#.##.#.# #. ##.####
#.##.#.# .. #.##.#
#.##.#.# ### #.##.#
#......#### #.##.#
###.......# #....###
..........# ####...#
###.......## ##.###.# #


You could see a scorpion.

Vanquished Creatures
  A sky beast (D:2)
  Terence (D:2)
  Jessica (D:3)
  2 adders (D:2)
  A dart slug (D:1)
  4 bats
  4 endoplasms
  A giant cockroach (D:1)
  2 goblins
  4 hobgoblins (D:1)
  10 jackals
  4 kobolds
  2 quokkas
  7 ball pythons
  5 frilled lizards
  5 rats
54 creatures vanquished.

Notes
Turn   | Place    | Note
-------+----------+-------------------------------------------
     0 | D:1      | issech the Troll Monk began the quest for the Orb.
     0 | D:1      | Reached XP level 1. HP: 22/22 MP: 0/0
   160 | D:1      | Reached XP level 2. HP: 29/29 MP: 1/1
   294 | D:1      | Reached skill level 3 in Maces & Flails
   412 | D:1      | Reached XP level 3. HP: 36/36 MP: 2/2
   706 | D:1      | Found a faded altar of an unknown god.
   936 | D:2      | Noticed Terence
  1006 | D:2      | Killed Terence
  1106 | D:2      | Reached XP level 4. HP: 44/44 MP: 3/3
  1430 | D:3      | Noticed Jessica
  1442 | D:3      | Killed Jessica
  1481 | D:3      | Found a hide-covered altar of Uskayaw.
  1555 | D:3      | Noticed a sky beast
  1679 | D:2      | Killed a sky beast
  1680 | D:2      | Reached skill level 4 in Maces & Flails
  1680 | D:2      | Reached XP level 5. HP: 49/53 MP: 4/4
  1813 | D:3      | HP: 2/53 [poisoned by a scorpion]
  1813 | D:3      | Slain by a scorpion

Illustrated notes

Levels and vault maps discovered:
D:1:      dpeg_arrival_boxes_within_box, layout_loops_ring,
          hellmonk_ecumenical_altar_leap_of_faith
D:2:      layout_basic, uniq_terence
D:3:      layout_loops_cross, mainiacjoe_overflow_big_doors,
          nicolae_uskayaw_dance_hall, uniq_jessica, uniq_crazy_yiuf_cottage

Skill      XL: |  1  2  3  4 |
---------------+-------------+-----
Maces & Flails | 3 4 |  4.4
Dodging        | 3 |  3.4
Fighting       | 3 |  3.1
Stealth        | |  1.3

Action                   |  1- 3 |  4- 6 || total
-------------------------+-------+-------++-------
Melee: Mace              |   134 |    66 ||   200
       Punch             |     1 |       ||     1
Throw: Stone             |       |     1 ||     1
 Stab: Sleeping          |     2 |     1 ||     3
Armor: Robe              |    56 |    24 ||    80
Dodge: Dodged            |   104 |    40 ||   144
